 Dungeon Crawl Stone Soup version 0.26-a0-835-g8259106e14 (webtiles) character file.

Game seed: 13908869044884358047

63645 jasper the Eclecticist (level 14, -1/70 HPs)
             Began as a Spriggan Earth Elementalist on Nov 17, 2020.
             Was the Champion of Ashenzari.
             Slain by a wraith (10 damage)
             ... led by Josephine
             ... on level 6 of the Lair of Beasts.
             The game lasted 00:51:27 (31910 turns).

jasper the Eclecticist (SpEE)                      Turns: 31910, Time: 00:51:27

Health: -1/70      AC:  3    Str:  4    XL:     14   Next: 68%
Magic:  17/35      EV: 28    Int: 21    God:    Ashenzari [******]
Gold:   1730       SH: 13    Dex: 17    Spells: 0/45 levels left

rFire    . . .     SeeInvis +   f - +2 dagger (elec)
rCold    . . .     Faith    .   V - +0 buckler (curse)
rNeg     . . .     Spirit   .   c - +0 robe (curse)
rPois    +         Reflect  +   (helmet restricted)
rElec    .         Harm     .   b - +0 cloak (curse)
rCorr    .         Rampage  .   (gloves unavailable)
MR       ++...     Clarity  +   (boots unavailable)
Stlth    +++++.....             F - amulet of reflection (curse)
HPRegen  0.21/turn              e - ring of wizardry (curse)
MPRegen  0.24/turn              x - ring of poison resistance (curse)

@: brilliant, slowed, drained, quick
A: very small, unfitting armour, see invisible, speed 3
a: Curse Item, Scrying, Transfer Knowledge, Renounce Religion


You were on level 6 of the Lair of Beasts.
You worshipped Ashenzari.
Ashenzari was exalted by your worship.
You visited 4 branches of the dungeon, and saw 22 of its levels.

You collected 3000 gold pieces.
You spent 1270 gold pieces at shops.

Inventory:

Hand Weapons
 f - a +2 dagger of electrocution (weapon)
Missiles
 j - 24 poisoned darts (quivered)
 w - 4 silver boomerangs
Armour
 b - a cursed +0 cloak (worn)
 c - a cursed +0 robe (worn)
 O - the +3 hat of Pondering {ponderous, MR+ MP+10 Int+5}
   (You took it off Gastronok on level 3 of the Lair of Beasts)

   It affects your intelligence (+5).
   It affects your resistance to hostile enchantments.
   It affects your magic capacity (+10).
 V - a cursed +0 buckler (worn)
Jewellery
 e - a cursed ring of wizardry (left hand)
 h - an uncursed ring of protection from fire
 x - a cursed ring of poison resistance (right hand)
 D - a +6 ring of intelligence
 F - a cursed amulet of reflection (around neck)
 U - an uncursed ring of magical power
 W - an uncursed ring of magical power
 X - a +4 ring of protection
Wands
 o - a wand of acid (8)
 p - a wand of flame (52)
 C - a wand of random effects (10)
 G - a wand of polymorph (6)
 K - a wand of paralysis (8)
 N - a wand of iceblast (5)
 R - a wand of disintegration (5)
Scrolls
 g - 6 scrolls of teleportation
 i - 2 scrolls of fear
 n - 10 scrolls of remove curse
 s - 2 scrolls of random uselessness
 v - a scroll of noise
 A - a scroll of magic mapping
 E - a scroll of summoning
 H - 4 scrolls of immolation
 J - a scroll of vulnerability {unknown}
 L - 2 scrolls of silence
 P - 2 scrolls of amnesia
 Q - a scroll of blinking
 T - 3 scrolls of enchant armour
Potions
 a - 3 potions of brilliance
 d - 4 potions of might
 k - 11 potions of curing
 l - a potion of cancellation
 m - 3 potions of ambrosia
 q - 3 potions of degeneration
 r - 6 potions of heal wounds
 t - 3 potions of attraction
 u - 4 potions of lignification
 z - 2 potions of berserk rage
 B - a potion of magic
 I - 5 potions of haste {unknown}
 M - 3 potions of flight {unknown}
 S - a potion of invisibility
Miscellaneous
 y - a phantom mirror


   Skills:
 - Level 6.4(5.3) Fighting
 - Level 11.2(12.5) Dodging
 - Level 9.0(10.5) Stealth
 - Level 4.6(6.3) Shields
 - Level 3.3(2.2) Unarmed Combat
 - Level 16.0(14.5) Spellcasting
 - Level 3.0(5.6) Conjurations
 - Level 1.6(3.5) Necromancy
 - Level 1.9(4.0) Translocations
 - Level 8.0(11.0) Transmutations
 + Level 14.0(16.5) Earth Magic


You couldn't memorise any spells.
You knew the following spells:

 Your Spells              Type           Power        Failure   Level
a - Sandblast             Erth           ######       0%          1
b - Stone Arrow           Conj/Erth      ######       1%          3
c - Passwall              Tmut/Erth      #######.     0%          2
d - Petrify               Tmut/Erth      #######.     1%          4
e - Lee's Rapid Deconstr  Erth           #######...   1%          5
f - Blink                 Tloc           N/A          1%          2
g - Passage of Golubria   Tloc           N/A          3%          4
h - Borgnjor's Vile Clut  Necr/Erth      ######....   1%          5
i - Animate Dead          Necr           #####.....   4%          4
j - Iron Shot             Conj/Erth      #######...   2%          6
k - Shatter               Erth           #######...   86%         9

Your spell library contained the following spells:

 Spells                   Type           Power        Failure   Level
 Foxfire                  Conj/Fire      ####         1%          1
 Conjure Flame            Conj/Fire      #####...     1%          3
 Gell's Gravitas          Tloc           #####.....   1%          3
 Lesser Beckoning         Tloc           #####.....   1%          3
 Static Discharge         Conj/Air       #####...     1%          3
 Teleport Other           Tloc           #####...     1%          3
 Swiftness                Air            ###.....     2%          2
 Bolt of Magma            Conj/Fire/Erth ######....   2%          5
 Iskenderun's Battlesphe  Conj           ######..     4%          5
 Yara's Violent Unravell  Hex/Tmut       ######....   4%          5
 Confusing Touch          Hex            ###.....     5%          3
 Inner Flame              Hex/Fire       ###.....     5%          3
 Sticky Flame             Conj/Fire      #####...     5%          4
 Fireball                 Conj/Fire      #####.....   16%         5
 Lightning Bolt           Conj/Air       #####.....   16%         5
 Metabolic Englaciation   Hex/Ice        ###.......   41%         5
 Death Channel            Necr           #####.....   50%         6
 Simulacrum               Ice/Necr       ####......   73%         6
 Orb of Destruction       Conj           ######....   77%         7
 Invisibility             Hex            ###.....     92%         6
 Spellforged Servitor     Conj/Summ      #####.....   98%         7
 Ignition                 Fire           ###.......   100%        8
 Tornado                  Air            ###.......   100%        9


Dungeon Overview and Level Annotations

Branches:
Dungeon (13/15)            Temple (1/1) D:5            Lair (6/6) D:8
  Swamp (0/4) Lair:4       Spider (0/4) Lair:3        Slime (0/5) Lair:6
    Orc (2/2) D:9             Elf (0/3) Orc:2
 Vaults: D:13-14

Altars:
Ashenzari
Cheibriados
Dithmenos
Elyvilon
Fedhas
Gozag
Kikubaaqudgha
Makhleb
Nemelex Xobeh
Okawaru
Qazlal
Ru
Sif Muna
Trog
Uskayaw
Vehumet
Wu Jian
Xom
Yredelemnul
Zin
The Shining One
Beogh
Jiyva

Shops:
D:11 *:=?*   Orc:2 =[(*

Annotations:
D:2 Sigmund
D:5 1 runed translucent door, Dittersdorf's ghost, novice GrFi
D:9 1 runed translucent door, TigOlBitties's ghost, journeyman DEAE
D:10 Erolcha
D:11 3 runed translucent doors, exclusion: boulder beetle, Onakli's ghost, journeyman DsFi
Lair:1 Harold
Lair:2 Fannar
Lair:6 Josephine


Innate Abilities, Weirdness & Mutations

You are very small and have problems with some larger weapons.
You are too small for most types of armour.
You have supernaturally acute eyesight. (SInv)
You cover ground extremely quickly.


Message History

Aim: a wraith You feel a surge of power!
The iron shot hits the wraith!!
The wraith is almost destroyed.
The wraith hits you! The wraith drains your vigour!
You feel yourself slow down.
Josephine gestures at you while chanting.
The ghostly flame explodes!
The ghostly fireball engulfs the wraith.
The wraith completely resists.
The ghostly fireball engulfs you!!
You feel drained.
* * * LOW HITPOINT WARNING * * *
You hear a loud, deep croak!
Casting: Iron Shot (dangerous; 2% risk of failure)
Confirm with . or Enter, or press ? or * to list all spells.
Aiming: Iron Shot (dangerous; 2% risk of failure)
Press: ? - help, Shift-Dir - straight line, f/p - wraith
Aim: a wraith (almost destroyed)
You feel a surge of power!
The iron shot misses the wraith.
You block the wraith's attack. The wraith hits you!
You die...

.#...P#...........#.#., *** ,, ,,
..........†.......P...,.#* , ,
.....P.............P#........,,,,
..............(....##.........
......#.....#......##.........,,,
......#....##................
...P........#................ , ,
..........................# * ,
................@W..@....## ,,,,
........#........#..W....P##*{ ,*
....#...##......###........# ,,,
.....######.#.### ##.......... ,
...### #.### #........... , ...#
*#.* ##P.....#...,, ...# **,, *
##......#.. , ...# *, ,,,***
......##,. .### * , , , ,......#
,,, ,


You could see Josephine and 2 wraiths.

Vanquished Creatures
  Jorgrun (Orc:1)
  Gastronok (Lair:3)
  An orc warlord (Orc:1)
  A stone giant (Orc:1)
  7 hydras
  A boulder beetle (Lair:2)
  A catoblepas (Lair:4)
  Erica (Orc:1)
  A two-headed ogre (D:10)
  A death yak (Lair:5)
  6 orc high priests (Orc:2)
  Sonja (Orc:1)
  An unseen horror (D:12)
  A lindwurm (Lair:6)
  2 bog bodies (Lair:4)
  Pikel (D:6)
  4 orc knights
  2 ugly things
  3 orc sorcerers (Orc:2)
  A manticore (Lair:6)
  11 elephants
  3 black mambas
  4 cane toads
  7 komodo dragons
  A tengu conjurer (D:13)
  2 polar bears
  3 trolls
  24 blink frogs
  14 dream sheep
  A shadow (D:12)
  A wyvern (Lair:4)
  A water elemental (D:12)
  4 wraiths
  52 yaks
  4 basilisks
  3 vampire mosquitoes (D:12)
  4 wargs
  2 soldier ants (D:10)
  A swamp worm (Lair:4)
  13 water moccasins
  26 orc warriors
  3 sky beasts
  2 black bears
  2 phantoms
  2 eyes of draining
  A necrophage (D:8)
  14 ogres
  18 wolves
  3 lemures (D:6)
  13 centaurs
  A big kobold (D:8)
  21 bullfrogs
  A wyvern zombie (D:6)
  A scorpion (D:7)
  11 killer bees
  17 wights
  An electric eel (Lair:4)
  8 howler monkeys
  2 vampire bats (Lair:1)
  2 centaur zombies (D:5)
  A quasit (D:10)
  A bullfrog zombie (D:10)
  2 jellies
  10 orc priests
  4 hounds
  16 orc wizards
  A bullfrog skeleton (D:4)
  Jessica (D:2)
  4 iguanas
  Ijyb (D:4)
  5 hell rats (Lair:4)
  7 worker ants
  3 hound zombies
  3 hound skeletons
  2 worker ant zombies
  Robin (D:4)
  11 gnolls
  A howler monkey skeleton (D:5)
  18 adders
  A shadow imp (D:9)
  4 white imps
  4 ufetubi
  A dart slug (D:1)
  5 leopard geckos
  53 orcs
  4 giant cockroaches
  12 hobgoblins
  18 jackals
  9 kobolds
  6 quokkas
  9 bats
  3 frilled lizards
  12 goblins
  A quokka skeleton (D:5)
  8 rats
584 creatures vanquished.

Vanquished Creatures (others)
  60 fungi
  50 plants
110 creatures vanquished.

Grand Total: 694 creatures vanquished

Notes
Turn   | Place    | Note
-------+----------+-------------------------------------------
     0 | D:1      | jasper the Spriggan Earth Elementalist began the quest for
                  | the Orb.
     0 | D:1      | Reached XP level 1. HP: 9/9 MP: 5/5
    91 | D:1      | Reached XP level 2. HP: 13/13 MP: 2/6
   859 | D:2      | Found a white marble altar of Elyvilon.
   859 | D:2      | Found an iron altar of Okawaru.
   892 | D:2      | Found a basalt altar of Yredelemnul.
   914 | D:2      | Reached XP level 3. HP: 15/16 MP: 6/8
  1023 | D:2      | Learned a level 3 spell: Stone Arrow
  1072 | D:2      | Noticed Jessica
  1073 | D:2      | Killed Jessica
  1074 | D:2      | Reached XP level 4. HP: 21/21 MP: 7/9
  1173 | D:2      | Noticed Sigmund
  2327 | D:1      | Learned a level 2 spell: Passwall
  2433 | D:3      | Noticed a centaur
  2482 | D:3      | Killed a centaur
  2483 | D:3      | Reached skill level 3 in Spellcasting
  2483 | D:3      | Reached skill level 1 in Conjurations
  2483 | D:3      | Reached XP level 5. HP: 9/24 MP: 5/10
  2706 | D:3      | Learned a level 4 spell: Petrify
  3387 | D:3      | Reached skill level 5 in Transmutations
  3474 | D:3      | Found an iron altar of Okawaru.
  3908 | D:4      | Noticed an ogre
  3928 | D:4      | Noticed a phantom
  3929 | D:4      | Killed an ogre
  3930 | D:4      | Reached XP level 6. HP: 28/28 MP: 7/12
  4228 | D:4      | Noticed Ijyb
  4255 | D:3      | Reached skill level 4 in Spellcasting
  4351 | D:4      | Reached XP level 7. HP: 30/32 MP: 8/14
  4500 | D:4      | Killed Ijyb
  4888 | D:4      | Noticed Robin
  4904 | D:4      | Killed Robin
  5314 | D:4      | Found a shadowy altar of Dithmenos.
  5431 | D:5      | Entered Level 5 of the Dungeon
  5798 | D:5      | Reached skill level 5 in Spellcasting
  5805 | D:5      | Learned a level 5 spell: Lee's Rapid Deconstruction
  5853 | D:5      | Reached skill level 5 in Earth Magic
  5853 | D:5      | Reached XP level 8. HP: 29/36 MP: 11/16
  6154 | D:5      | Found a runed translucent door.
  6154 | D:5      | Noticed Dittersdorf's ghost (novice GrFi)
  6446 | D:5      | Found a staircase to the Ecumenical Temple.
  6453 | Temple   | Entered the Ecumenical Temple
  6527 | Temple   | Became a worshipper of Ashenzari the Shackled
  7032 | D:6      | Reached skill level 6 in Spellcasting
  7291 | D:6      | Noticed Pikel
  7296 | D:6      | Killed Pikel
  7297 | D:6      | Reached skill level 7 in Spellcasting
  7420 | D:6      | Reached XP level 9. HP: 39/39 MP: 17/21
  7600 | D:6      | Reached * piety under Ashenzari
  7793 | D:6      | Reached skill level 8 in Spellcasting
  9039 | D:7      | Reached skill level 9 in Spellcasting
  9192 | D:7      | Found a stormy altar of Qazlal.
  9206 | D:7      | Found a blossoming altar of Fedhas.
 10071 | D:8      | Reached ** piety under Ashenzari
 10081 | D:8      | Reached skill level 1 in Fighting
 10081 | D:8      | Reached skill level 1 in Unarmed Combat
 10228 | D:8      | Reached skill level 10 in Spellcasting
 10725 | D:8      | Reached XP level 10. HP: 39/46 MP: 13/25
 10843 | D:8      | Found a staircase to the Lair.
 11413 | D:9      | Reached skill level 5 in Stealth
 11715 | D:9      | Reached skill level 5 in Dodging
 11893 | D:9      | Found a runed translucent door.
 11910 | D:9      | Noticed TigOlBitties's ghost (journeyman DEAE)
 12155 | D:9      | Found a staircase to the Orcish Mines.
 12942 | D:9      | Reached *** piety under Ashenzari
 13626 | D:10     | Entered Level 10 of the Dungeon
 13662 | D:10     | Identified the +4 scale mail of Henotheism {Int+5}
 13938 | D:10     | Noticed a two-headed ogre
 13951 | D:10     | Killed a two-headed ogre
 14175 | D:10     | Reached XP level 11. HP: 52/52 MP: 7/26
 14454 | D:10     | Learned a level 2 spell: Blink
 14459 | D:10     | Learned a level 4 spell: Passage of Golubria
 14627 | D:10     | Reached skill level 1 in Translocations
 14785 | D:10     | Noticed Erolcha
 14826 | D:10     | Learned a level 5 spell: Borgnjor's Vile Clutch
 14831 | D:10     | Learned a level 4 spell: Animate Dead
 15160 | D:11     | Found Sofes's Magic Scroll Boutique.
 15172 | D:11     | Noticed a boulder beetle
 15177 | D:11     | Bought a scroll of identify for 22 gold pieces
 15177 | D:11     | Bought a scroll of blinking for 82 gold pieces
 15177 | D:11     | Bought 2 scrolls of identify for 44 gold pieces
 15177 | D:11     | Bought a scroll of blinking for 82 gold pieces
 15177 | D:11     | Bought a scroll of silence for 82 gold pieces
 15177 | D:11     | Bought a scroll of identify for 22 gold pieces
 15177 | D:11     | Bought a scroll of identify for 22 gold pieces
 15177 | D:11     | Bought a scroll of identify for 22 gold pieces
 15177 | D:11     | Bought a scroll of remove curse for 33 gold pieces
 15177 | D:11     | Bought a scroll of remove curse for 33 gold pieces
 15337 | D:11     | Found Uzucoqas's Jewellery Boutique.
 15352 | D:11     | Found Zatefasmai's Book Shop.
 15368 | D:11     | Reached **** piety under Ashenzari
 15473 | D:11     | Noticed a boulder beetle
 15856 | D:11     | Found Loecs's Assorted Antiques.
 16086 | D:11     | Reached skill level 1 in Necromancy
 16170 | D:11     | Found Komoehiycs's Assorted Antiques.
 16261 | D:11     | Found a runed translucent gate.
 16261 | D:11     | Found a runed translucent gate.
 16261 | D:11     | Found a runed translucent gate.
 16261 | D:11     | Noticed a two-headed ogre
 16263 | D:11     | Noticed Onakli's ghost (journeyman DsFi)
 16264 | D:11     | Noticed a minotaur
 16591 | D:12     | Noticed an unseen horror
 16595 | D:12     | Killed an unseen horror
 16598 | D:12     | Reached skill level 10 in Earth Magic
 17563 | D:12     | Noticed a red ugly thing
 17586 | D:12     | Killed a red ugly thing
 17670 | D:12     | Identified the +1 ring mail of the Zebra {Str+4}
 17943 | D:13     | Noticed a six-headed hydra
 17953 | D:13     | Killed a six-headed hydra
 18030 | D:13     | Noticed a cyan ugly thing
 18036 | D:13     | Killed a cyan ugly thing
 18236 | D:13     | Noticed a centaur warrior
 18428 | Lair:1   | Entered Level 1 of the Lair of Beasts
 18429 | Lair:1   | Noticed Harold
 18709 | Lair:1   | Reached skill level 1 in Shields
 18872 | Lair:1   | Reached ***** piety under Ashenzari
 18987 | Lair:1   | Reached XP level 12. HP: 59/59 MP: 19/27
 19509 | Lair:1   | Identified a scroll of acquirement
 19515 | Lair:1   | Acquired 859 gold pieces
 19975 | Lair:2   | Noticed a boulder beetle
 20001 | Lair:2   | Killed a boulder beetle
 20297 | Lair:2   | Noticed a four-headed hydra
 20307 | Lair:2   | Reached skill level 11 in Spellcasting
 20459 | Lair:2   | Killed a four-headed hydra
 20591 | Lair:2   | Noticed Fannar
 20635 | Lair:3   | Reached skill level 12 in Spellcasting
 20875 | Lair:3   | Noticed Gastronok
 20890 | Lair:3   | Killed Gastronok
 21068 | Lair:3   | Reached skill level 13 in Spellcasting
 21085 | Lair:3   | Learned a level 6 spell: Iron Shot
 21129 | Lair:3   | Found a hole to the Spider Nest.
 21213 | Lair:3   | Reached skill level 5 in Fighting
 21501 | Lair:3   | Noticed a six-headed hydra
 21502 | Lair:3   | Noticed a four-headed hydra
 21514 | Lair:3   | Killed a six-headed hydra
 21658 | Lair:3   | Killed a four-headed hydra
 21989 | Lair:3   | Reached XP level 13. HP: 63/63 MP: 18/31
 23456 | Lair:4   | Reached ****** piety under Ashenzari
 23664 | Lair:4   | Found a staircase to the Swamp.
 23666 | Lair:4   | Reached skill level 10 in Dodging
 25698 | Orc:1    | Entered Level 1 of the Orcish Mines
 25698 | Orc:1    | Noticed a stone giant
 25704 | Orc:1    | Killed a stone giant
 25848 | D:11     | Bought a book of the Tempests for 770 gold pieces
 25921 | Orc:1    | Noticed Jorgrun
 25926 | Orc:1    | Reached skill level 14 in Spellcasting
 25937 | Orc:1    | Killed Jorgrun
 26316 | Orc:1    | Noticed Sonja
 26316 | Orc:1    | Noticed Erica
 26328 | Orc:1    | Killed Erica
 26329 | Orc:1    | Killed Sonja
 26524 | Orc:1    | Found a roughly hewn altar of Beogh.
 26709 | Orc:2    | Entered Level 2 of the Orcish Mines
 26709 | Orc:2    | Found a staircase to the Elven Halls.
 26912 | Orc:2    | Reached skill level 15 in Spellcasting
 26912 | Orc:2    | Reached XP level 14. HP: 70/70 MP: 9/34
 26958 | Orc:2    | Noticed an orc warlord
 27054 | Orc:1    | Killed an orc warlord
 28106 | Orc:2    | Reached skill level 16 in Spellcasting
 28250 | Orc:1    | Learned a level 9 spell: Shatter
 28294 | Orc:2    | Found Purray's General Store.
 28394 | Orc:2    | Found Ehomnov's Antique Weapon Shoppe.
 28664 | Orc:2    | Found Tiwios's Antique Armour Shoppe.
 28690 | Orc:2    | Found Peqatz's Jewellery Boutique.
 29102 | Orc:2    | Bought a scroll of immolation for 56 gold pieces
 29346 | Orc:2    | Found a roughly hewn altar of Beogh.
 29849 | Lair:6   | Entered Level 6 of the Lair of Beasts
 29849 | Lair:6   | Found a staircase to the Slime Pits.
 29849 | Lair:6   | Found a viscous altar of Jiyva.
 31666 | Lair:6   | Identified the +10 chain mail of Mebreh {rPois}
 31896 | Lair:6   | Noticed Josephine
 31910 | Lair:6   | Slain by a wraith

Illustrated notes

Levels and vault maps discovered:
D:1:      roderic_octagonal_star, layout_basic, serial_co_window_serial,
          co_window_of_opportunity_a, co_window_corner_a,
          co_window_of_opportunity_a, co_window_corner_a, co_window_paths_b,
          co_window_paths_a, co_window_paths_b, co_window_corner_b,
          co_window_2corner, co_window_of_opportunity_c,
          co_window_unsneaky_path_d, co_window_4corner_b, glass_columns_c,
          glass_columns_b, glass_columns_a, minmay_tetromino_i2
D:2:      layout_loops_ring, gammafunk_temple_overflow_pools,
          lemuel_crystal_altar, minmay_misc_feat_rugged, patterned_corridor,
          uniq_sigmund, uniq_crazy_yiuf_cottage, uniq_jessica
D:3:      layout_basic, okawaru_metal_pillars_1_2
D:4:      layout_rooms, grunt_dithmenos_smoke_and_mirrors,
          hangedman_glass_teeth, uniq_ijyb, uniq_robin
D:5:      layout_loops_ring, minmay_temple_entry_slanted,
          hellmonk_ghost_happy_afterlife
D:6:      layout_gridville, uniq_pikel
D:7:      layout_loops_ring, grunt_temple_overflow_forces_of_nature
D:8:      layout_cave_pools, dpeg_oklobed_lair
D:9:      layout_stronghold, david_orc_3, ebering_ghost_reflecting_pool
D:10:     layout_roguey, hangedman_pestilent_swarm, uniq_erolcha
D:11:     layout_cave_pods, serial_shops, shop, shop_fountains, shop,
          nicolae_shop_window_shopping, nicolae_shop_window_shopping,
          maelrawn_ghost_gauntlet_escape
D:12:     layout_cave_pools, serial_park, serial_park_fountain,
          serial_park_tiny_pond, serial_park_tiny_1
D:13:     layout_basic
Temple:   nicolae_temple_elliptical
Lair:1:   layout_regular_city, chequers_serial_rivers_small_a, roderic_batcave,
          uniq_harold
Lair:2:   layout_gridlike, uniq_fannar
Lair:3:   layout_long_grid, dummy_spider_entry, st_stairs_7, grunt_megastairs_1,
          uniq_gastronok
Lair:4:   layout_layer_cave, nicolae_swamp_entry_splash_gauntlet
Lair:5:   layout_regular_city, beast_lair_carwin_6, infiniplex_staircase_pool_2
Lair:6:   evilmike_catoblepas_cave, layout_layer_cave, slime_altar_1,
          uniq_josephine, uniq_kirke
Orc:1:    layout_caves, basic_altar, uniq_jorgrun, uniq_sonja, uniq_erica
Orc:2:    grunt_orc_gardens, layout_caves, grunt_orc_garden, grunt_orc_garden,
          grunt_orc_garden, grunt_orc_garden, kennysheep_orc_chapel

Skill      XL: |  1  2  3  4  5  6  7  8  9 10 11 12 13 14 |
---------------+-------------------------------------------+-----
Transmutations | 2 3 4 5 6 7 8 |  8.0
Earth Magic    | 3 4 5 6 8 9 10 11 12 14 | 14.0
Spellcasting   | 3 4 5 7 10 13 15 16 | 16.0
Conjurations   | 1 2 3 |  3.0
Fighting       | 1 3 4 5 6 |  6.4
Stealth        | 4 7 9 |  9.0
Unarmed Combat | 1 3 |  3.3
Dodging        | 4 6 9 11 | 11.2
Translocations | 1 |  1.9
Necromancy     | 1 |  1.6
Shields        | 2 4 |  4.6

Action                   |  1- 3 |  4- 6 |  7- 9 | 10-12 | 13-15 || total
-------------------------+-------+-------+-------+-------+-------++-------
Melee: Dagger            |    18 |    59 |   114 |    11 |   106 ||   308
       Unarmed           |     5 |       |     5 |    13 |       ||    23
       Punch             |       |       |     1 |     1 |       ||     2
Throw: Dart              |       |    33 |       |       |       ||    33
       Stone             |       |     4 |     2 |     4 |     3 ||    13
 Cast: Sandblast         |    39 |    59 |   124 |   192 |   143 ||   557
       Stone Arrow       |       |    13 |   107 |   222 |    92 ||   434
       Lee's Rapid Decon |       |       |       |    18 |    29 ||    47
       Passwall          |       |       |       |     1 |       ||     1
       Petrify           |       |       |       |     5 |     6 ||    11
       Passage of Golubr |       |       |       |     2 |       ||     2
       Borgnjor's Vile C |       |       |       |     3 |       ||     3
       Blink             |       |       |       |     1 |       ||     1
       Iron Shot         |       |       |       |     7 |   124 ||   131
       Animate Dead      |       |       |       |     1 |       ||     1
Invok: Curse Item        |       |       |     4 |     1 |       ||     5
Evoke: Wand              |       |       |    10 |     7 |     7 ||    24
       Phantom mirror    |       |       |       |       |     1 ||     1
  Use: Scroll            |       |     3 |     8 |    12 |     6 ||    29
       Potion            |       |       |       |       |     1 ||     1
 Stab: Sleeping          |       |     6 |     6 |     2 |     6 ||    20
       Distracted        |       |       |     1 |       |       ||     1
       Petrified         |       |       |       |     5 |     3 ||     8
       Paralysed         |       |       |       |       |     5 ||     5
Armor: Robe              |     7 |     7 |    21 |     5 |     7 ||    47
Dodge: Dodged            |    44 |    70 |   211 |   144 |   177 ||   646
Block: Other             |       |       |    18 |    19 |       ||    37
       Reflection        |       |       |     1 |     5 |     5 ||    11
       Buckler           |       |       |       |    46 |   154 ||   200

Table legend: (Time is in decaauts)
 A = Elapsed time spent in this place.
 B = Non-inter-level travel time spent in this place.
 C = Inter-level travel time spent in this place.
 D = Time resting spent in this place.
 E = Time spent auto-exploring this place.
 F = Levels seen in this place.
 G = Mean time per level.
                   A        B        C        D        E       F      G
               +--------+--------+--------+--------+--------+-----+--------+
         Total |  26690 |  26081 |    609 |   6798 |  15891 |  22 | 1213.2 |
       Dungeon |  15366 |  15017 |    349 |   4088 |   8908 |  13 | 1182.0 |
        Temple |     57 |     50 |      7 |      0 |     39 |   1 |   57.0 |
          Lair |   7787 |   7567 |    220 |   1164 |   5486 |   6 | 1297.8 |
  Orcish Mines |   3478 |   3447 |     31 |   1546 |   1456 |   2 | 1739.0 |
               +--------+--------+--------+--------+--------+-----+--------+

Top non-repeatable levels by time:
   Orc:1: 2142 daAuts
     D:9: 1952 daAuts
  Lair:5: 1728 daAuts
     D:3: 1709 daAuts
    D:10: 1542 daAuts
     D:7: 1454 daAuts
  Lair:3: 1453 daAuts
  Lair:4: 1451 daAuts
     D:1: 1429 daAuts
  Lair:6: 1389 daAuts
     D:6: 1339 daAuts
   Orc:2: 1336 daAuts
     D:5: 1240 daAuts
    D:12: 1105 daAuts
    D:11: 1015 daAuts
